 Dungeon Crawl Stone Soup version 0.18.1-50-g88ac8fd (webtiles) character file.

1324 Peloso the Shield-Bearer (level 8, -15/70 HPs)
             Began as a Minotaur Fighter on Oct 16, 2016.
             Was a Follower of Okawaru.
             Killed from afar by a gnoll (18 damage)
             ... with a wand of lightning
             ... on level 5 of the Dungeon.
             The game lasted 00:06:59 (4240 turns).

Peloso the Shield-Bearer (Minotaur Fighter)         Turns: 4240, Time: 00:07:00

Health: -15/70     AC:  9    Str: 20    XL:     8   Next: 33%
Magic:  7/7        EV: 11    Int:  5    God:    Okawaru [*.....]
Gold:   239        SH: 11    Dex: 16    Spells: 0 memorised, 7 levels left

rFire  + . .     SeeInvis .     a - +0 long sword
rCold  . . .     Gourm    .     p - +2 scale mail {rF+}
rNeg   + . .     Faith    .     c - +0 shield
rPois  .         Spirit   .     (helmet restricted)
rElec  .         Dismiss  .     (no cloak)
rCorr  .         Reflect  .     (no gloves)
SustAt .         Harm     .     (no boots)
MR     .....                    (no amulet)
Stlth  ..........               m - ring of positive energy
                                h - +3 ring of dexterity

@: not resistant to hostile enchantments, extremely unstealthy
A: retaliatory headbutt, horns 2
a: Heroism, Renounce Religion


You were on level 5 of the Dungeon.
You worshipped Okawaru.
Okawaru was aware of your devotion.
You were not hungry.

You visited 2 branches of the dungeon, and saw 6 of its levels.

You collected 239 gold pieces.

Inventory:

Hand Weapons
 a - a +0 long sword (weapon)
 y - a +4 dagger
Armour
 c - a +0 shield (worn)
 p - a +2 scale mail of fire resistance (worn)
Jewellery
 h - a +3 ring of dexterity (left hand)
 m - a ring of positive energy (right hand)
Scrolls
 e - 7 scrolls of identify {unknown}
 g - 3 scrolls of magic mapping {unknown}
 j - a scroll of amnesia {unknown}
 k - a scroll of teleportation {unknown}
 n - a scroll of remove curse {unknown}
 q - a scroll of random uselessness {unknown}
Potions
 b - 3 potions of magic {unknown}
 d - 5 potions of might
 i - 2 potions of flight {unknown}
 l - a potion of curing
 o - a potion of ambrosia {unknown}
 r - a potion of agility {unknown}
 t - a potion of cure mutation {unknown}
 u - a potion of berserk rage {unknown}
 w - a potion of heal wounds {unknown}
Comestibles
 f - 9 bread rations
 s - 2 meat rations
 v - a beef jerky
 x - 6 chunks of flesh


   Skills:
 + Level 5.9 Fighting
 + Level 5.9 Long Blades
 + Level 6.6 Armour
 + Level 4.9 Dodging
 + Level 0.1 Stealth
 + Level 6.8 Shields


You had 7 spell levels left.
You didn't know any spells.

Dungeon Overview and Level Annotations

Branches:
Dungeon (5/15)             Temple (1/1) D:5

Altars:
Cheibriados
Dithmenos
Elyvilon
Gozag
Makhleb
Nemelex Xobeh
Okawaru
Pakellas
Qazlal
Ru
Vehumet
Yredelemnul
Zin


Innate Abilities, Weirdness & Mutations

You reflexively headbutt those who attack you in melee.
You have a pair of horns on your head.


Message History

The quokka bites you but does no damage.
The gnoll moves out of view.
The gnoll zaps a wand.
The bolt of lightning hits you!
* * * LOW HITPOINT WARNING * * *
It is a wand of lightning.
You see here a giant spiked club.
You hit the gnoll but do no damage. You headbutt the gnoll.
The gnoll is moderately wounded.
The quokka misses you. You block the gnoll's attack.
The quokka closely misses you. The gnoll hits you with a whip.
* * * LOW HITPOINT WARNING * * *
The gnoll hits you.
* * * LOW HITPOINT WARNING * * *
The quokka bites you but does no damage.
The gnoll zaps a wand.
The bolt of lightning hits the quokka.
The quokka dies!
The bolt of lightning hits you!
* * * LOW HITPOINT WARNING * * *
The gnoll zaps a wand.
The bolt of lightning hits you!
You die...

##.#####....... ...#.
............... ...#.
##....#8....... ......###
#.####.......... #.#.....# ..#
#....>.8... .......##..#
#........## ..###.###.....##.$#
#.#8....##
..##.##......##..####.##....#
###.##.##.##..g.@.....#.####[.#
.#.........#..)†......#.# #.##
............g.g.......#.# #.#
.#..⌠...⌠..#..........#.# #.#
.#.........#..........#.####.####
......>...)..'####..###..........
.#.........##.#.....########.###.
.#..⌠...⌠..#.....................
.............##......####........


You could see 3 gnolls.

Vanquished Creatures
  Sigmund (D:3)
  Menkaure (D:5)
  A phantom (D:5)
  An ogre (D:5)
  An ice beast (D:5)
  A centaur (D:5)
  A scorpion (D:4)
  A howler monkey (D:5)
  A crimson imp (D:4)
  2 hounds (D:4)
  An orc priest (D:5)
  Ijyb (D:3)
  Natasha (twice) (D:3)
  4 orc wizards
  2 worker ants
  Terence (D:3)
  A howler monkey skeleton (D:5)
  9 adders
  3 gnolls
  An adder skeleton (D:4)
  2 worms
  A dart slug (D:3)
  4 giant geckos
  11 orcs
  3 ball pythons
  4 giant cockroaches
  14 goblins
  7 hobgoblins
  2 jackals (D:2)
  7 kobolds
  3 quokkas (D:2)
  4 bats
  2 giant newts
  7 rats
107 creatures vanquished.

Vanquished Creatures (others)
  A quokka (D:5)
1 creature vanquished.

Grand Total: 108 creatures vanquished

Notes
Turn   | Place    | Note
--------------------------------------------------------------
     0 | D:1      | Peloso the Minotaur Fighter began the quest for the Orb.
     0 | D:1      | Reached XP level 1. HP: 19/19 MP: 0/0
   202 | D:1      | Reached XP level 2. HP: 26/27 MP: 1/1
   731 | D:2      | Reached XP level 3. HP: 30/33 MP: 2/2
   945 | D:2      | Reached skill level 1 in Dodging
   998 | D:2      | Reached XP level 4. HP: 26/40 MP: 3/3
  1590 | D:3      | Noticed Terence
  1599 | D:3      | Killed Terence
  1599 | D:3      | Reached XP level 5. HP: 47/47 MP: 4/4
  1687 | D:3      | Reached skill level 5 in Armour
  1714 | D:3      | Noticed Sigmund
  1735 | D:3      | Killed Sigmund
  1735 | D:3      | Reached skill level 5 in Shields
  1735 | D:3      | Reached XP level 6. HP: 24/55 MP: 5/5
  1944 | D:3      | Found a faded altar to an unknown god.
  2069 | D:3      | Noticed Ijyb
  2074 | D:3      | Killed Ijyb
  2074 | D:3      | Reached skill level 5 in Fighting
  2092 | D:3      | Noticed Natasha
  2097 | D:3      | Killed Natasha
  2269 | D:3      | Noticed Natasha
  2276 | D:3      | Killed Natasha
  3073 | D:4      | Reached XP level 7. HP: 60/61 MP: 6/6
  3440 | D:5      | Entered Level 5 of the Dungeon
  3458 | D:5      | Found a staircase to the Ecumenical Temple.
  3481 | Temple   | Entered the Ecumenical Temple
  3485 | Temple   | Became a worshipper of Warmaster Okawaru
  3533 | D:5      | Reached skill level 5 in Long Blades
  3671 | D:5      | Noticed Menkaure
  3683 | D:5      | HP: 1/61 [Menkaure (15)]
  3684 | D:5      | Killed Menkaure
  3684 | D:5      | Reached XP level 8. HP: 1/69 MP: 7/7
  4166 | D:5      | Reached * piety under Okawaru
  4239 | D:5      | HP: 3/70 [gnoll/wand of lightning (9)]
  4240 | D:5      | Killed from afar by a gnoll

Skill      XL: |  1  2  3  4  5  6  7 |
---------------+----------------------+-----
Armour         | 4 5 6 |  6.6
Fighting       | 4 5 |  5.9
Shields        | 4 5 6 |  6.8
Dodging        | 1 2 4 |  4.9
Long Blades    | 3 4 5 |  5.9
Stealth        | |  0.1

Action                   |  1- 3 |  4- 6 |  7- 9 || total
-------------------------+-------+-------+-------++-------
Melee: Long sword        |    79 |   143 |   124 ||   346
       Headbutt          |     8 |    34 |    25 ||    67
  Eat: Chunk             |       |     7 |     4 ||    11
Armor: Scale mail        |    31 |    63 |    42 ||   136
Dodge: Dodged            |    22 |    35 |    49 ||   106
Block: Shield            |    39 |    76 |    51 ||   166
